 Dungeon Crawl Stone Soup version 0.16.2-14-g7133f4a77c (webtiles) character file.

131189 faibistes the Eclecticist (level 16, 0/92 HPs)
             Began as a Deep Elf Wizard on Aug 30, 2021.
             Was the Champion of Sif Muna.
             Slain by a wolf spider (6 damage)
             ... led by a torpor snail
             ... on level 4 of the Spider Nest on Aug 31, 2021.
             The game lasted 03:37:59 (56783 turns).

faibistes the Eclecticist (Deep Elf Wizard)        Turns: 56783, Time: 03:37:59

Health: 0/92       AC: 15    Str:  4      XL:     16   Next: 54%
Magic:  0/41       EV: 18    Int: 35      God:    Sif Muna [******]
Gold:   901        SH:  0    Dex: 15 (16) Spells: 12 memorised, 3 levels left

rFire  + . .     SeeInvis .     A - +9 falchion of Dishonesty {venom, Int+4}
rCold  + . .     Clarity  .     x - +2 robe {rC+ rF+}
rNeg   . . .     SustAb   .     (no shield)
rPois  +         Gourm    .     n - +2 hat
rElec  .         Spirit   .     (no cloak)
rCorr  .         Warding  .     i - +2 pair of gloves
rMut   .         Stasis   .     y - +0 pair of boots
MR     +....                    (no amulet)
Stlth  ++........               L - +5 ring of protection
                                b - +3 ring of dexterity

@: slowed, deflect missiles, very slow, somewhat resistant to hostile
enchantments, unstealthy
A: poison resistance
a: Channel Energy, Forget Spell, Renounce Religion


You were on level 4 of the Spider Nest.
You worshipped Sif Muna.
Sif Muna was exalted by your worship.
You were hungry.

You visited 6 branches of the dungeon, and saw 30 of its levels.

You collected 3431 gold pieces.
You spent 2530 gold pieces at shops.

Inventory:

Hand weapons
 q - a +7 dagger of flaming
 A - the +9 falchion of Dishonesty (weapon) {venom, Int+4}
   (You found it on level 8 of the Lair of Beasts)

   It poisons the flesh of those it strikes.
   It affects your intelligence (+4).
Armour
 i - a +2 pair of gloves (worn)
 n - a +2 hat (worn)
 x - a +2 robe of resistance (worn)
 y - a +0 pair of boots (worn)
Magical staves
 c - an uncursed staff of cold
Jewellery
 b - a +3 ring of dexterity (left hand)
 f - an uncursed ring of teleport control
 h - an uncursed amulet of warding
 s - an uncursed ring of positive energy
 t - an uncursed ring of sustain abilities
 u - an uncursed ring of stealth
 z - a +3 ring of dexterity
 D - an uncursed ring of flight
 L - a +5 ring of protection (right hand)
Magical devices
 a - a wand of frost (25)
 j - a wand of slowing (23)
 p - a wand of fireball (3)
 v - a wand of digging (19)
 E - a wand of polymorph (5)
 I - a wand of fire (2)
 J - a wand of teleportation (5)
 K - a wand of disintegration (10)
 N - a wand of paralysis (0)
 Q - a wand of polymorph (13)
 R - a wand of lightning (4)
 T - a wand of draining (5)
 U - a wand of heal wounds (3)
Scrolls
 e - 14 scrolls of remove curse
 l - 4 scrolls of identify
 m - 4 scrolls of amnesia
 B - 3 scrolls of magic mapping
 F - 2 scrolls of recharging
 S - 8 scrolls of teleportation
 Z - 4 scrolls of blinking
Potions
 g - a potion of ambrosia
 k - 8 potions of curing
 o - 5 potions of brilliance
 w - 5 potions of heal wounds
 H - 2 potions of magic
 M - a potion of resistance
 P - 2 potions of haste
 V - 2 potions of cure mutation
 X - a potion of restore abilities
 Y - a potion of cancellation
Books
 C - a book of Changes

   Spells                             Type                      Level
   a - Beastly Appendage              Transmutation                1
   b - Sticks to Snakes               Transmutation                2
   c - Spider Form                    Transmutation/Poison         3
   d - Ice Form                       Ice/Transmutation            4
   e - Blade Hands                    Transmutation                5
Comestibles
 d - 10 bread rations
 r - 13 meat rations
 O - 9 fruits


   Skills:
 + Level 7.5 Fighting
 - Level 10.0 Dodging
 - Level 2.4 Stealth
 * Level 17.7 Spellcasting
 * Level 12.1 Conjurations
 - Level 5.8 Charms
 - Level 1.1 Summonings
 - Level 3.9 Necromancy
 - Level 2.3 Translocations
 - Level 2.1 Transmutations
 * Level 12.0 Fire Magic
 - Level 3.1 Air Magic
 * Level 12.2 Earth Magic
 - Level 5.0 Poison Magic
 - Level 10.9 Invocations
 - Level 9.1 Evocations


You had 3 spell levels left.
You knew the following spells:

 Your Spells              Type           Power        Failure   Level  Hunger
a - Magic Dart            Conj           ####         0%          1    None
b - Conjure Flame         Conj/Fire      #######.     1%          3    None
c - Iskenderun's Battles  Conj/Chrm      #######.     1%          5    None
d - Blink                 Tloc           N/A          1%          2    None
e - Mephitic Cloud        Conj/Pois/Air  ######..     1%          3    None
f - Deflect Missiles      Chrm/Air       ######....   34%         6    None
g - Animate Dead          Necr           N/A          2%          4    None
h - Call Imp              Summ           #####...     1%          2    None
i - Ignite Poison         Fire/Trmt      ######....   1%          5    None
l - Lee's Rapid Deconstr  Erth           #######...   1%          5    None
v - Bolt of Fire          Conj/Fire      #######...   1%          6    None
z - Fireball              Conj/Fire      #######...   1%          5    None


Dungeon Overview and Level Annotations

Branches:
Dungeon (11/15)            Temple (1/1) D:6            Lair (8/8) D:10
 Shoals (0/5) Lair:6       Spider (4/5) Lair:5        Slime (0/6) Lair:6
    Orc (4/4) D:10            Elf (2/3) Orc:3

Altars:
Ashenzari
Cheibriados
Dithmenos
Elyvilon
Fedhas
Gozag
Kikubaaqudgha
Makhleb
Nemelex Xobeh
Okawaru
Qazlal
Ru
Sif Muna
Trog
Vehumet
Xom
Yredelemnul
Zin
The Shining One
Beogh

Shops:
Orc:4 :((?

Annotations:
Elf:2 3 runed doors


Innate Abilities, Weirdness & Mutations

Your system is resistant to poisons.


Message History

Deactivating autopickup; reactivate with Ctrl-A.
Something hits you but does no damage. Something stings you!
The wolf spider hits you!!
The wolf spider bites you but does no damage.
Something closely misses you. x2
Something stings you. The wolf spider barely misses you.
The wolf spider barely misses you. 3 redbacks come into view.
Unknown command.
You feel you are being watched by something.
You feel your power leaking away. Something hits you!
* * * LOW HITPOINT WARNING * * *
You feel clumsy. Something hits you.
* * * LOW HITPOINT WARNING * * *
Something stings you.
* * * LOW HITPOINT WARNING * * *
The wolf spider hits you.
You die...

######### ##
^.......##.##
.#..w.......##
..........s.^....#
....# .#...@^#
.#....##..?....#
.........#....s.
........^........
#....#..#...s.....
#.{.....^.#...#.
#<..# .....ss.
#^..###.......
#..... ...


You could see a torpor snail, a wolf spider and 4 redbacks.

Vanquished Creatures
  Kirke (Elf:2)
  Roxanne (Elf:2)
  Donald (Orc:3)
  An orc warlord (Orc:3)
  A deep elf sorcerer (Elf:1)
  A stone giant (Orc:2)
  A deep elf annihilator (Elf:1)
  A deep elf death mage (Elf:2)
  2 deep elf high priests
  Fannar (Lair:3)
  2 hydras
  A catoblepas (Lair:5)
  2 dancing weapons (Elf:2)
  14 death yaks
  The ghost of faibistes the Thaumaturge, a powerful DEWz of Sif Muna (Lair:1)
  Nergalle (Lair:1)
  10 deep elf knights
  A hill giant (D:11)
  5 lindwurms
  3 deep elf summoners
  2 orc knights
  7 orb spiders
  6 deep elf conjurers (Elf:1)
  2 hornets
  8 orc sorcerers
  2 griffons
  10 wolf spiders
  10 elephants
  A moth of wrath (Spider:2)
  Joseph (Orc:4)
  4 black mambas
  6 torpor snails
  11 spiny frogs
  A queen ant (Lair:5)
  5 fire drakes
  11 komodo dragons
  6 deep elf priests
  A wandering mushroom (Lair:7)
  A demonic crawler (Spider:2)
  2 spriggan druids (Lair:6)
  6 jumping spiders
  4 trolls
  A giant leech (Lair:8)
  2 polar bears
  2 basilisks
  15 blink frogs
  A boulder beetle (Spider:1)
  42 yaks
  5 trapdoor spiders
  23 redbacks
  5 tarantellas
  3 hogs (Elf:2)
  A tarantella (shapeshifter) (D:9)
  2 black mamba zombies
  8 spriggans (Lair:6)
  21 deep elf magi
  3 wyverns
  Grum (Orc:3)
  13 hippogriffs
  A hungry ghost (D:7)
  16 deep elf fighters
  8 porcupines
  6 wargs
  25 water moccasins
  11 soldier ants
  8 ice beasts
  24 wolves
  15 orc warriors
  3 sky beasts
  17 spiders
  2 eyes of draining
  A black bear (D:10)
  6 wasps
  7 centaurs
  An elephant zombie (Lair:5)
  A necrophage (D:9)
  13 ogres
  2 boring beetles
  15 giant frogs
  15 crocodiles
  Sigmund (D:5)
  2 big kobolds
  3 brain worms (Lair:8)
  2 water moccasin zombies
  6 scorpions
  A wyvern skeleton (D:8)
  2 yak zombies (Lair:8)
  7 electric eels
  2 spriggan zombies (Lair:6)
  10 jellies
  4 killer bees
  A wolf zombie (Lair:6)
  5 crimson imps
  2 giant frog zombies
  3 goliath beetles
  7 iguanas
  21 orc priests
  3 giant frog skeletons
  3 hell rats
  7 hounds
  47 orc wizards
  Natasha (thrice) (D:3)
  37 worker ants
  A killer bee zombie (D:7)
  A centaur simulacrum (D:10)
  17 sheep
  Ijyb (D:6)
  3 hound zombies
  4 worker ant zombies
  A mummy (D:10)
  Robin (D:3)
  3 gnolls (D:5)
  29 adders
  3 giant mites
  77 river rats
  2 shadow imps
  4 white imps (D:10)
  An ufetubus (D:9)
  15 worms
  An adder zombie (D:9)
  4 adder skeletons
  5 giant geckos
  5 oozes
  163 orcs
  A ball python (D:4)
  3 bat skeletons
  3 bat zombies
  5 giant cockroaches
  28 goblins
  19 hobgoblins
  15 quokkas
  19 bats
  3 giant gecko skeletons
  A giant gecko zombie (D:9)
  5 giant newts
  A giant spore (D:6)
  9 jackals
  A jackal skeleton (D:5)
  17 kobolds
  4 orc zombies
  17 rats
  2 river rat zombies
  A spectral orc (Lair:1)
  8 ballistomycetes
  2 crawling corpses (Elf:2)
  11 fungi
  3 plants (Lair:8)
1201 creatures vanquished.

Vanquished Creatures (collateral kills)
  A fire dragon (Lair:8)
  A hydra (Lair:7)
  11 death yaks
  A lindwurm (Lair:8)
  A deep elf conjurer (Elf:1)
  A griffon (Lair:8)
  A wolf spider (Spider:2)
  A guardian serpent (Lair:8)
  5 black mambas
  13 elephants
  5 spiny frogs
  2 torpor snails (Lair:8)
  A demonic crawler (Spider:2)
  3 komodo dragons
  3 fire drakes (Lair:8)
  A spriggan druid (Lair:6)
  2 blink frogs
  A boulder beetle (Spider:2)
  A giant leech (Lair:8)
  A basilisk (Lair:7)
  A tarantella (Spider:1)
  4 spriggans (Lair:6)
  7 redbacks
  5 yaks
  A wolf (Lair:6)
  6 hippogriffs
  A deep elf fighter (Elf:2)
  10 water moccasins
  4 soldier ants (Lair:4)
  A porcupine (Lair:1)
  6 spiders
  An orc warrior (Orc:3)
  2 centaurs (Lair:5)
  4 wasps
  4 crocodiles
  3 giant frogs
  A brain worm (Lair:8)
  A spider zombie (Lair:4)
  A scorpion (Spider:2)
  A killer bee (D:5)
  4 jellies
  A hound (Lair:5)
  2 orc wizards
  2 iguanas
  9 worker ants
  8 sheep
  3 adders
  24 river rats
  2 worms (Lair:8)
  2 oozes (Lair:5)
  29 orcs
  8 goblins
  3 hobgoblins
  A kobold (D:2)
  A jackal skeleton (D:2)
  9 fungi
  9 plants
237 creatures vanquished.

Vanquished Creatures (others)
  A wolf spider zombie (Spider:1)
  A griffon (Lair:4)
  An elephant (Lair:5)
  6 death yak zombies
  3 redback zombies
  A griffon zombie (Lair:4)
  A guardian serpent zombie (Lair:8)
  A griffon skeleton (Lair:8)
  2 black mamba zombies
  A queen ant zombie (Lair:5)
  3 spiny frog zombies (Lair:8)
  2 spider zombies
  7 blink frog zombies
  6 elephant zombies
  An ogre (D:8)
  2 elf skeletons
  A hog zombie (Elf:2)
  An elephant skeleton (Lair:7)
  A torpor snail zombie (Lair:8)
  3 fire drake zombies (Lair:8)
  6 komodo dragon zombies
  A giant frog (Lair:1)
  A wyvern zombie (Lair:8)
  8 water moccasin zombies
  A warg zombie (Orc:4)
  A troll zombie (Orc:3)
  4 hippogriff zombies
  4 yak zombies
  3 wolf zombies
  4 spriggan zombies (Lair:6)
  3 crimson imps
  8 elf zombies
  A basilisk zombie (Lair:7)
  An iron imp (D:9)
  A boring beetle zombie (Lair:4)
  2 human zombies
  A wasp zombie (Lair:6)
  3 soldier ant zombies (Lair:5)
  11 worker ant zombies
  A porcupine zombie (Lair:6)
  2 brain worm zombies (Lair:8)
  2 ogre zombies
  A crocodile zombie (Lair:7)
  An adder (Lair:8)
  A gnoll zombie (Orc:3)
  3 white imps
  2 sheep zombies (Lair:8)
  2 adder zombies (Lair:8)
  An iguana skeleton (Lair:4)
  A sheep skeleton (Lair:8)
  An adder skeleton (Lair:8)
  An orc (Orc:1)
  A giant spore (D:10)
  A goblin skeleton (Orc:4)
  A goblin zombie (Orc:4)
  4 orc skeletons (Orc:4)
  23 orc zombies
  4 river rat skeletons (Lair:4)
  24 river rat zombies
  91 fungi
  89 plants
366 creatures vanquished.

Grand Total: 1804 creatures vanquished

Notes
Turn   | Place    | Note
--------------------------------------------------------------
     0 | D:1      | faibistes, the Deep Elf Wizard, began the quest for the Orb.
     0 | D:1      | Reached XP level 1. HP: 10/10 MP: 6/6
   344 | D:1      | Reached XP level 2. HP: 15/15 MP: 2/10
   478 | D:1      | Learned a level 2 spell: Blink
   481 | D:1      | Learned a level 2 spell: Call Imp
   860 | D:2      | Reached skill level 5 in Spellcasting
  1112 | D:3      | Noticed Robin
  1210 | D:2      | Reached XP level 3. HP: 8/19 MP: 6/14
  1273 | D:2      | Learned a level 3 spell: Conjure Flame
  1277 | D:2      | Learned a level 3 spell: Mephitic Cloud
  1589 | D:3      | Killed Robin
  1710 | D:2      | Reached XP level 4. HP: 24/24 MP: 1/17
  1821 | D:2      | Learned a level 2 spell: Repel Missiles
  2463 | D:2      | Found a bloodstained altar of Trog.
  2567 | D:2      | Found a radiant altar of Vehumet.
  2569 | D:2      | Found a white marble altar of Elyvilon.
  2576 | D:2      | Found a shimmering altar of Xom.
  2858 | D:2      | You fall through a shaft!
  3235 | D:3      | Noticed Natasha
  3247 | D:3      | Killed Natasha
  3247 | D:3      | Reached skill level 6 in Spellcasting
  3247 | D:3      | Reached XP level 5. HP: 28/28 MP: 12/20
  3349 | D:5      | Entered Level 5 of the Dungeon
  3549 | D:3      | Noticed Natasha
  3553 | D:3      | Killed Natasha
  3640 | D:3      | Noticed Natasha
  3640 | D:3      | Killed Natasha
  3899 | D:5      | Reached XP level 6. HP: 32/32 MP: 13/22
  4135 | D:4      | Reached skill level 7 in Spellcasting
  4433 | D:4      | Noticed an ogre
  4451 | D:4      | Killed an ogre
  4709 | D:5      | Reached skill level 1 in Poison Magic
  4962 | D:4      | Reached skill level 1 in Air Magic
  4962 | D:4      | Reached XP level 7. HP: 36/36 MP: 9/25
  5282 | D:5      | Noticed a centaur
  5303 | D:5      | Killed a centaur
  5796 | D:5      | Noticed Sigmund
  5822 | D:5      | Killed Sigmund
  5822 | D:5      | Reached skill level 8 in Spellcasting
  5822 | D:5      | Reached skill level 5 in Conjurations
  6183 | D:5      | Reached XP level 8. HP: 25/41 MP: 7/27
  6362 | D:5      | Noticed an ice beast
  6378 | D:5      | Killed an ice beast
  6499 | D:5      | Noticed a sky beast
  6519 | D:5      | Killed a sky beast
  6737 | D:6      | Noticed Ijyb
  6752 | D:6      | Killed Ijyb
  6997 | D:6      | Reached skill level 5 in Dodging
  7074 | D:6      | Reached skill level 9 in Spellcasting
  7714 | D:6      | Found a staircase to the Ecumenical Temple.
  7721 | Temple   | Entered the Ecumenical Temple
  7941 | Temple   | Became a worshipper of Sif Muna the Loreminder
  8269 | D:7      | Found a sacrificial altar of Ru.
  8839 | D:8      | Reached skill level 5 in Poison Magic
  8839 | D:8      | Reached XP level 9. HP: 32/45 MP: 22/29
  9060 | D:7      | Acquired Sif Muna's first power
  9060 | D:7      | Reached skill level 1 in Fire Magic
  9633 | D:8      | Reached skill level 1 in Invocations
  9641 | D:8      | Reached skill level 1 in Charms
  9646 | D:8      | Reached skill level 1 in Evocations
 10123 | D:8      | Reached skill level 1 in Fighting
 10315 | D:8      | Reached skill level 10 in Spellcasting
 11410 | D:9      | Acquired Sif Muna's second power
 11829 | D:9      | Found a basalt altar of Yredelemnul.
 11829 | D:9      | Found a blossoming altar of Fedhas.
 11830 | D:9      | Found a shadowy altar of Dithmenos.
 11925 | D:10     | Entered Level 10 of the Dungeon
 11949 | D:10     | Noticed a death yak
 12048 | D:9      | Learned a level 5 spell: Lee's Rapid Deconstruction
 12092 | D:9      | Reached XP level 10. HP: 53/53 MP: 27/31
 12351 | D:10     | Noticed a death yak
 12353 | D:10     | Noticed an elephant
 12391 | D:9      | Killed a death yak
 12391 | D:9      | Reached skill level 1 in Earth Magic
 12591 | D:9      | Killed a death yak
 12638 | D:9      | Killed an elephant
 12638 | D:9      | Reached skill level 11 in Spellcasting
 13082 | D:10     | Found a staircase to the Lair.
 13604 | D:9      | Noticed an orb spider
 13614 | D:9      | Reached skill level 5 in Invocations
 13845 | D:9      | Noticed a yaktaur captain
 13943 | D:9      | Reached skill level 5 in Fire Magic
 14535 | D:10     | Reached XP level 11. HP: 34/59 MP: 23/33
 15737 | D:10     | Noticed a hill giant
 15791 | D:11     | Killed a hill giant
 15791 | D:11     | Reached skill level 5 in Charms
 16201 | D:10     | Found a staircase to the Orcish Mines.
 16250 | D:9      | Noticed a centaur warrior
 17091 | Lair:1   | Entered Level 1 of the Lair of Beasts
 17255 | Lair:1   | Noticed faibistes' ghost (powerful DEWz)
 17272 | Lair:1   | Killed faibistes' ghost
 17881 | Lair:1   | Acquired Sif Muna's third power
 18152 | Lair:1   | Noticed Nergalle
 18465 | Lair:1   | Noticed a five-headed hydra
 18946 | Lair:2   | Reached skill level 5 in Earth Magic
 19306 | Lair:1   | Killed Nergalle
 19306 | Lair:1   | Reached skill level 12 in Spellcasting
 19306 | Lair:1   | Reached skill level 5 in Evocations
 19632 | Lair:1   | Killed a five-headed hydra
 20699 | Lair:3   | Reached XP level 12. HP: 37/66 MP: 18/35
 21980 | Lair:3   | Noticed Fannar
 21992 | Lair:3   | Killed Fannar
 22986 | Lair:3   | Learned a level 4 spell: Animate Dead
 24012 | Lair:4   | Reached skill level 1 in Necromancy
 24179 | Lair:4   | Reached skill level 13 in Spellcasting
 24840 | Lair:5   | Found a hole to the Spider Nest.
 27358 | Lair:5   | Received a gift from Sif Muna
 27359 | Lair:5   | Identified Oseng's Handbook of Stolen Souls (Sif Muna gifted it to you on level 5 of the Lair of Beasts)
 28069 | Lair:5   | Reached XP level 13. HP: 72/72 MP: 8/36
 28344 | Lair:5   | Noticed a catoblepas
 28394 | Lair:5   | Killed a catoblepas
 30965 | Lair:6   | Reached skill level 14 in Spellcasting
 31055 | Lair:6   | Found a staircase to the Shoals.
 32935 | Lair:6   | Reached skill level 5 in Fighting
 33511 | Lair:6   | Found a staircase to the Slime Pits.
 34310 | Lair:6   | Reached skill level 10 in Invocations
 35103 | Lair:7   | Reached XP level 14. HP: 78/78 MP: 32/38
 35112 | Lair:7   | Received a gift from Sif Muna
 35113 | Lair:7   | Identified Sif Muna's Disquisition on Cloudy Talismans (Sif Muna gifted it to you on level 7 of the Lair of Beasts)
 35374 | Lair:8   | Entered Level 8 of the Lair of Beasts
 35579 | Lair:7   | Reached skill level 15 in Spellcasting
 35615 | Lair:7   | Learned a level 5 spell: Iskenderun's Battlesphere
 35627 | Lair:7   | Reached skill level 10 in Conjurations
 37201 | Lair:7   | Learned a level 3 spell: Flight
 37470 | Lair:8   | Learned a level 5 spell: Fireball
 37620 | Lair:8   | Reached skill level 10 in Dodging
 39601 | Lair:8   | Gained mutation: Your system is resistant to poisons. [potion of beneficial mutation]
 39672 | Lair:8   | Got an ancient falchion
 39673 | Lair:8   | Identified the +9 falchion of Dishonesty {venom, Int+4} (You found it on level 8 of the Lair of Beasts)
 40039 | Lair:8   | Found a runed door.
 40459 | Lair:8   | Reached XP level 15. HP: 84/84 MP: 5/39
 40460 | Lair:8   | Reached skill level 10 in Fire Magic
 41642 | Lair:8   | Reached skill level 16 in Spellcasting
 41708 | Lair:8   | Received a gift from Sif Muna
 42083 | Orc:1    | Entered Level 1 of the Orcish Mines
 42963 | Orc:4    | Entered Level 4 of the Orcish Mines
 43003 | Orc:3    | Noticed Grum
 43303 | Orc:3    | Reached skill level 10 in Earth Magic
 43306 | Orc:3    | Killed Grum
 43472 | Orc:4    | Noticed Joseph
 43475 | Orc:4    | Killed Joseph
 45284 | Orc:3    | Noticed Donald
 45287 | Orc:3    | Killed Donald
 45418 | Orc:4    | Found Smaij's Book Boutique.
 45453 | Orc:4    | Your ally Joseph died
 45509 | Orc:3    | Found a staircase to the Elven Halls.
 47824 | Orc:3    | Your ally Grum died
 48437 | Orc:4    | Found a burning altar of Makhleb.
 48492 | Orc:4    | Found Wiurghagg's Antique Weapon Shoppe.
 48492 | Orc:4    | Found Trym's Magic Scroll Boutique.
 48506 | Orc:4    | Bought a scroll of teleportation for 33 gold pieces
 48506 | Orc:4    | Bought a scroll of identify for 22 gold pieces
 48629 | Orc:4    | Found Toarui's Weapon Shoppe.
 48629 | Orc:4    | Found Atzo's Weapon Boutique.
 48882 | Orc:4    | Found a roughly hewn altar of Beogh.
 48902 | Orc:4    | Bought a book of the Dragon for 1350 gold pieces
 48902 | Orc:4    | Bought a book of Alchemy for 1125 gold pieces
 48909 | Orc:4    | Learned a level 6 spell: Bolt of Fire
 48915 | Orc:4    | Learned a level 5 spell: Ignite Poison
 49060 | Lair:2   | Learned a level 6 spell: Deflect Missiles
 49216 | Elf:1    | Entered Level 1 of the Elven Halls
 49665 | Elf:1    | Reached skill level 1 in Transmutations
 49980 | Elf:1    | Received a gift from Sif Muna
 49981 | Elf:1    | Identified Sif Muna's Almanac of Flames (Sif Muna gifted it to you on level 1 of the Elven Halls)
 51272 | Elf:1    | Reached skill level 17 in Spellcasting
 51625 | Elf:2    | Reached XP level 16. HP: 92/92 MP: 17/41
 51872 | Elf:2    | Found a runed gate.
 51872 | Elf:2    | Found a runed gate.
 51873 | Elf:2    | Found a runed gate.
 52023 | Elf:2    | Noticed Roxanne
 52028 | Elf:2    | Killed Roxanne
 52185 | Elf:2    | Noticed Kirke
 52190 | Elf:2    | Killed Kirke
 52390 | Elf:2    | Your ally Kirke died
 52876 | Spider:1 | Entered Level 1 of the Spider Nest
 53263 | Spider:1 | Received a gift from Sif Muna
 56783 | Spider:4 | Slain by a wolf spider

Action                   |  1- 3 |  4- 6 |  7- 9 | 10-12 | 13-15 | 16-18 || total
-------------------------+-------+-------+-------+-------+-------+-------++-------
Melee: Unarmed           |     3 |       |       |       |       |       ||     3
       Club              |       |       |    70 |       |       |       ||    70
       Dagger            |       |       |    18 |   310 |   194 |       ||   522
       Falchion          |       |       |       |       |   244 |     3 ||   247
 Cast: Magic Dart        |    93 |   183 |   413 |   803 |   557 |       ||  2049
       Call Imp          |     5 |       |       |    33 |     2 |       ||    40
       Blink             |     3 |     3 |     5 |    82 |    31 |    10 ||   134
       Mephitic Cloud    |     4 |     4 |    25 |   113 |    73 |       ||   219
       Conjure Flame     |     1 |     8 |    48 |   126 |    85 |       ||   268
       Repel Missiles    |       |     2 |     2 |       |     3 |       ||     7
       Lee's Rapid Decon |       |       |       |    67 |   194 |    18 ||   279
       Animate Dead      |       |       |       |    35 |   118 |    12 ||   165
       Fireball          |       |       |       |       |   183 |    41 ||   224
       Iskenderun's Batt |       |       |       |       |    54 |       ||    54
       Flight            |       |       |       |       |     2 |       ||     2
       Bolt of Fire      |       |       |       |       |    18 |    24 ||    42
       Deflect Missiles  |       |       |       |       |     2 |     1 ||     3
       Ignite Poison     |       |       |       |       |       |    53 ||    53
Invok: Channel Energy    |       |       |     8 |    51 |    51 |       ||   110
Evoke: Wand              |       |       |     1 |     9 |     3 |       ||    13
  Use: Scroll            |       |     4 |     3 |    16 |    18 |     3 ||    44
       Potion            |       |       |     1 |     2 |     3 |       ||     6
 Stab: Sleeping          |       |       |     1 |       |       |       ||     1
       Confused          |       |       |       |     9 |     4 |       ||    13
       Distracted        |       |       |       |     1 |     8 |       ||     9
  Eat: Chunk             |     2 |    10 |    20 |    27 |    54 |    14 ||   127
       Fruit             |       |       |     2 |    12 |     3 |     1 ||    18
       Pizza             |       |       |       |     3 |       |       ||     3
       Royal jelly       |       |       |       |     1 |       |       ||     1
       Beef jerky        |       |       |       |     9 |       |       ||     9
       Bread ration      |       |       |       |     1 |     5 |       ||     6
